 Seeded DCSS version 0.30.1-11-g7821555f0a (webtiles) character file.

Game seed: 8617203140785432855 (custom seed)

6 Psyclone the Conjurer (level 1, -1/10 HPs)
             Began as a Deep Elf Conjurer on Nov 2, 2023.
             Slain by a worm (9 damage)
             ... on level 2 of the Dungeon.
             The game lasted 00:00:40 (199 turns).

Psyclone the Conjurer (Deep Elf Conjurer)            Turns: 199, Time: 00:00:41

Health: -1/10      AC:  4    Str:  4    XL:     1   Next: 75%
Magic:  6/6        EV: 12    Int: 22    God:
Gold:   0          SH:  0    Dex: 13    Spells: 5/6 levels left

rFire   . . .        f - +0 short sword
rCold   . . .        (no shield)
rNeg    . . .        a - +0 robe
rPois   .            (helmet restricted)
rElec   .            (no cloak)
rCorr   .            e - +0 pair of gloves
SInv    +            d - +0 pair of boots
Will    .....        (no amulet)
Stlth   ++           (no ring)
HPRegen 0.21/turn    (no ring)
MPRegen 0.10/turn

%: no passive effects
@: no status effects
A: horns 1, see invisible, evolution 1
a: no special abilities


You were on level 2 of the Dungeon.
You visited 1 branch of the dungeon, and saw 2 of its levels.

Inventory:

Hand Weapons
 f - a +0 short sword (weapon)
Armour
 a - a +0 robe (worn)
 d - a +0 pair of boots (worn)
 e - a +0 pair of gloves (worn)
Potions
 b - a potion of magic
 c - a potion of mutation


   Skills:
 - Level 2.4 Dodging
 - Level 2.4 Stealth
 - Level 3.0 Spellcasting
 + Level 4.8 Conjurations


You had 5 spell levels left.
You knew the following spells:

 Your Spells              Type           Power      Damage    Failure   Level
a - Magic Dart            Conj           96%        1d7       1%          1

Your spell library contained the following spells:

 Spells                   Type           Power      Damage    Failure   Level
 Searing Ray              Conj           48%        2d6       2%          2
 Dazzling Flash           Conj/Hex       26%        N/A       14%         3
 Fulminant Prism          Conj/Hex       6%         3d7       43%         4
 Iskenderun's Mystic Bla  Conj/Tloc      13%        2d5       43%         4


Dungeon Overview and Level Annotations

Branches:
Dungeon (2/15) Zot: 11794

Altars:

Annotations:
D:2 Jessica


Innate Abilities, Weirdness & Mutations

You have a pair of small horns on your head.
You have supernaturally acute eyesight. (SInv)
You have hidden genetic potential.


Message History

Jessica the Apprentice Sorceress comes into view.
She is wielding a +0 club.
Jessica shouts!
You hear a shout!
A hobgoblin comes into view.
Jessica moves out of view.
You hear a shout!
Jessica casts a spell at you. You resist with some effort.
A hobgoblin comes into view.
Jessica points at you and mumbles some strange words.
You feel yourself slow down. The hobgoblin barely misses you.
Jessica casts a spell.
Jessica blinks!
The hobgoblin barely misses you.
The hobgoblin shouts!
The hobgoblin attacks as you move away! The hobgoblin hits you.
A goblin comes into view. It is wielding a +0 club.
You take 1 damage, and have 9/10 hp.
The goblin shouts!
You hear a shout!
A goblin comes into view. It is wielding a +0 club.
The hobgoblin barely misses you. x2
The hobgoblin hits you but does no damage.
The hobgoblin attacks as you move away! The hobgoblin barely misses you.
The goblin shouts!
The hobgoblin closely misses you.
Jessica mumbles some strange words.
Jessica blinks!
The hobgoblin closely misses you. The hobgoblin hits you.
Jessica very coldly says, "I hate your company."
You take 2 damage, and have 7/10 hp.
The hobgoblin attacks as you move away! The hobgoblin barely misses you.
The hobgoblin attacks as you move away! The hobgoblin barely misses you.
The hobgoblin attacks as you move away! The hobgoblin closely misses you.
The hobgoblin closely misses you. The hobgoblin attacks as you move away!
The hobgoblin hits you.
The hobgoblin hits you but does no damage.
You feel yourself speed up.
A worm comes into view.
The hobgoblin attacks as you move away! The hobgoblin hits you.
The worm bites you!
Ouch! That really hurt!
You die...

.##.#....#
.##.#....#
.........#
###.##...#
..g.....#
#.#.###g.#########
#.#. #..........#
# #.########w#
#...@#####@#
####gg.g.g.#
#########


You could see a worm, 2 hobgoblins and 2 goblins.

Vanquished Creatures
  A dart slug (D:1)
  A hobgoblin (D:1)
  A kobold (D:2)
  A ball python (D:2)
4 creatures vanquished.

Notes
Turn   | Place    | Note
-------+----------+-------------------------------------------
     0 | D:1      | Psyclone the Deep Elf Conjurer began the quest for the Orb.
     0 | D:1      | Reached XP level 1. HP: 10/10 MP: 6/6
    79 | D:1      | Gained mutation: You have hidden genetic potential. [potion
                  | of mutation]
    79 | D:1      | Gained mutation: You have a pair of small horns on your
                  | head. [potion of mutation]
    79 | D:1      | Gained mutation: You have supernaturally acute eyesight.
                  | (SInv) [potion of mutation]
   181 | D:2      | Noticed Jessica
   199 | D:2      | Slain by a worm

Illustrated notes

Levels and vault maps discovered:
D:1:      dpeg_arrival_stonehenge_12_columns, layout_basic, serial_shops, shop
D:2:      layout_basic, shapermc_ecumenical_altar_ellora, minivault_25,
          uniq_robin, uniq_terence, uniq_jessica

Action                     || total
---------------------------++-------
   Cast: Magic Dart        ||     6
    Use: Potion            ||     1
 Armour: Robe              ||     2
  Dodge: Dodged            ||    11
